 Dungeon Crawl Stone Soup version 0.27.0-1-g7a089689b8 (webtiles) character file.

Game seed: 17272198242528780089

5173 SirRamESQ the Cleaver (level 10, -4/91 HPs)
             Began as a Hill Orc Fighter on Aug 3, 2021.
             Was a Priest of Okawaru.
             Killed from afar by an acid dragon (10 damage)
             ... with a splash of acid
             ... on level 9 of the Dungeon on Aug 4, 2021.
             The game lasted 01:39:51 (9742 turns).

SirRamESQ the Cleaver (Hill Orc Fighter)            Turns: 9742, Time: 01:39:52

Health: -4/91      AC:  3    Str: 23    XL:     10   Next: 59%
Magic:  10/10      EV:  9    Int: 17    God:    Okawaru [***...]
Gold:   405        SH: 11    Dex: 10    Spells: 5/9 levels left

rFire    . . .     SeeInvis +   e - +1 hand axe (vorpal)
rCold    . . .     Faith    .   c - +0 kite shield
rNeg     . . .     Spirit   .   o - +3 leather armour "Dillepsasm" {*Slow rPois Int+9 SInv}
rPois    +         Reflect  .   (no helmet)
rElec    .         Harm     .   (no cloak)
rCorr    .         Rampage  .   (no gloves)
Will     .....                  (no boots)
Stlth    +.........             (no amulet)
HPRegen  0.25/turn              (no ring)
MPRegen  0.12/turn              (no ring)

@: corroded
A: no striking features
a: Renounce Religion, Heroism


You were on level 9 of the Dungeon.
You worshipped Okawaru.
Okawaru was most pleased with you.
You visited 2 branches of the dungeon, and saw 10 of its levels.

You collected 405 gold pieces.

Inventory:

Hand Weapons
 a - a +0 war axe
 e - a +1 vorpal hand axe (weapon)
 h - a +0 short sword
 k - a +0 dagger
 u - a +1 flail of protection
Missiles
 f - 183 arrows
 j - 28 poisoned darts (quivered)
 l - 182 stones
Armour
 b - a +0 scale mail
 c - a +0 kite shield (worn)
 o - the +3 leather armour "Dillepsasm" (worn) {*Slow rPois Int+9 SInv}
   (You found it on level 2 of the Dungeon)

   Int:       It affects your intelligence (+9).
   rPois:     It protects you from poison.
   SInv:      It lets you see invisible.
   *Slow:     It may slow you when you take damage.
 B - a +1 leather armour of positive energy
Magical Staves
 p - a staff of fire
 w - a staff of poison
 x - a staff of poison
Jewellery
 g - a ring of magical power
 E - an amulet of faith
Wands
 z - a wand of flame (14)
 A - a wand of iceblast (30)
 D - a wand of acid (7)
Scrolls
 d - 5 scrolls of noise
 i - 2 scrolls of vulnerability
 m - a scroll of fog {unknown}
 n - a scroll of fear {unknown}
 q - 4 scrolls of identify
 r - a scroll of teleportation {unknown}
 t - a scroll of immolation {unknown}
 v - a scroll of blinking {unknown}
 y - a scroll of enchant weapon {unknown}
Potions
 s - a potion of heal wounds {unknown}
 C - a potion of cancellation {unknown}
 F - a potion of lignification {unknown}


   Skills:
 + Level 9.1 Fighting
 * Level 9.2 Axes
 - Level 4.0 Throwing
 + Level 8.2 Armour
 - Level 0.2 Dodging
 - Level 8.1 Shields
 + Level 5.6 Fire Magic
 + Level 0.0 Invocations


You had 5 spell levels left.
You knew the following spells:

 Your Spells              Type           Power      Damage    Failure   Level
a - Foxfire               Conj/Fire      36%        2x1d5     21%         1
b - Inner Flame           Hex/Fire       9%         N/A       52%         3

Your spell library contained the following spells:

 Spells                   Type           Power      Damage    Failure   Level
 Conjure Flame            Conj/Fire      9%         6-21      52%         3
 Sticky Flame             Conj/Fire      9%         2d3       90%         4
 Summon Ice Beast         Ice/Summ       0%         N/A       100%        4
 Summon Mana Viper        Hex/Summ       0%         N/A       100%        5


Dungeon Overview and Level Annotations

Branches:
Dungeon (9/15)             Temple (1/1) D:7             Orc (0/2) D:9
   Lair: D:8-11

Altars:
Ashenzari
Cheibriados
Fedhas
Gozag
Hepliaklqana
Kikubaaqudgha
Nemelex Xobeh
Okawaru
Sif Muna
Trog
Uskayaw
Vehumet
Wu Jian
Xom
Yredelemnul
Zin
The Shining One
Jiyva

Annotations:
D:9 2 transporters


Message History

Okawaru says: Bring me glory in combat!
Press ? for a list of commands and other information.
The acid dragon roars!
The acid dragon spits acid at you. You block the splash of acid.
You hear a shout! x2
Things that are here:
a +0 ring mail; a +0 spear; a gnoll corpse You see here a +0 whip.
A centaur zombie comes into view.
The centaur zombie moves out of view.
The acid dragon spits acid at you. The splash of acid hits you!
The acid corrodes you!
You are splashed with acid!
There is an open door here.
You are no longer corroded.
Press: ? - help, . - travel You can't see that place. [a rock wall.]
The acid dragon bites you. You block the acid dragon's attack.
You hit the acid dragon.
The acid dragon is lightly wounded.
You block the acid dragon's attack. x2
You hit the acid dragon.
The acid dragon is moderately wounded.
The acid dragon bites you. The acid dragon claws you.
You are too injured to fight recklessly!
You hit the acid dragon.
The acid dragon is severely wounded.
The acid dragon spits acid at you. The splash of acid hits you.
You are splashed with acid!
* * * LOW HITPOINT WARNING * * *
Okay, then.
The acid dragon spits acid at you. The splash of acid hits you!
* * * LOW HITPOINT WARNING * * *
The acid corrodes you!
You are splashed with acid!
* * * LOW HITPOINT WARNING * * *
The acid dragon spits acid at you. The splash of acid hits you!
You die...

#.........# #..# #..#.######
#..###### #...©.....######
####........ .#######.......#
...#......#.
##J###$##).....#.#######.......#.
#..#J#..##.....# ....(.........#.
./......©#.....###########.....#.
##.....###.....#...............##
©.._... ##'#...@#######.........
##.....###..#......D.............
. .. ...#..#....................
#. #. ?. #..#....................
##J###.###'##....................
########..........######.........
#...©.............# #.......#.
#....#.....#######. #.......#.
#....#..(....... . #.......#.


You could see an acid dragon (catching breath).

Vanquished Creatures
  2 two-headed ogres
  A komodo dragon (D:6)
  A hornet (D:9)
  9 yaks
  3 water moccasins (D:8)
  An orc warrior (D:7)
  An ice beast (D:7)
  A necrophage (D:7)
  An ogre (D:7)
  3 centaurs (D:9)
  A kobold brigand (D:4)
  A phantom (D:4)
  2 gnoll sergeants (D:9)
  4 bullfrogs
  2 scorpions
  3 jellies
  An orc priest (D:7)
  2 hounds
  A centaur skeleton (D:7)
  2 iguanas
  3 orc wizards
  A killer bee zombie (D:5)
  2 hound zombies (D:5)
  7 gnolls
  8 adders
  A shadow imp (D:6)
  2 ufetubi (D:5)
  3 worms
  2 dart slugs (D:4)
  14 orcs
  4 bats
  4 endoplasms
  A giant cockroach (D:2)
  6 goblins
  4 hobgoblins
  10 jackals
  2 quokkas
  8 ball pythons
  5 frilled lizards
  9 kobolds
  A quokka zombie (D:8)
  2 rats
  A rat zombie (D:8)
142 creatures vanquished.

Notes
Turn   | Place    | Note
-------+----------+-------------------------------------------
     0 | D:1      | SirRamESQ the Hill Orc Fighter began the quest for the Orb.
     0 | D:1      | Reached XP level 1. HP: 19/19 MP: 1/1
    57 | D:1      | Found a faded altar of an unknown god.
   185 | D:1      | Reached XP level 2. HP: 22/27 MP: 2/2
   451 | D:1      | Reached XP level 3. HP: 28/33 MP: 3/3
  1013 | D:2      | Reached XP level 4. HP: 29/41 MP: 4/4
  1627 | D:2      | Identified the +3 leather armour "Dillepsasm" {*Slow rPois
                  | Int+9 SInv}
  2313 | D:4      | Reached XP level 5. HP: 37/47 MP: 5/5
  2772 | D:4      | Reached skill level 5 in Fighting
  2897 | D:4      | Reached XP level 6. HP: 50/56 MP: 6/6
  3016 | D:4      | Reached skill level 1 in Throwing
  3408 | D:5      | Entered Level 5 of the Dungeon
  3431 | D:5      | Reached skill level 5 in Axes
  3431 | D:5      | Reached skill level 5 in Armour
  3431 | D:5      | Reached XP level 7. HP: 49/61 MP: 7/7
  3708 | D:5      | Reached skill level 5 in Shields
  4879 | D:6      | Noticed a komodo dragon
  4890 | D:6      | Killed a komodo dragon
  4891 | D:6      | Reached XP level 8. HP: 32/71 MP: 8/8
  5095 | D:6      | Learned a level 1 spell: Foxfire
  5285 | D:7      | Reached skill level 1 in Fire Magic
  6599 | D:7      | Found a staircase to the Ecumenical Temple.
  6608 | Temple   | Entered the Ecumenical Temple
  6627 | Temple   | Became a worshipper of Warmaster Okawaru
  6672 | D:8      | Noticed a yak
  6672 | D:8      | Noticed a yak
  6672 | D:8      | Noticed a yak
  6672 | D:8      | Noticed a yak
  6672 | D:8      | Noticed a yak
  6672 | D:8      | Noticed a yak
  6695 | D:8      | Killed a yak
  6707 | D:8      | Killed a yak
  6708 | D:8      | Reached XP level 9. HP: 32/79 MP: 9/9
  6722 | D:8      | Reached * piety under Okawaru
  7106 | D:8      | Got the Volume of Burning Creation
  7423 | D:8      | Noticed a two-headed ogre
  7822 | D:7      | Killed a two-headed ogre
  7822 | D:7      | Reached ** piety under Okawaru
  7823 | D:7      | Reached XP level 10. HP: 35/90 MP: 10/10
  7827 | D:7      | Learned a level 3 spell: Inner Flame
  8307 | D:8      | Found an ornate altar of the Wu Jian Council.
  8660 | D:9      | Found a staircase to the Orcish Mines.
  8788 | D:9      | Noticed a two-headed ogre
  8835 | D:9      | Killed a two-headed ogre
  8836 | D:9      | Reached skill level 5 in Fire Magic
  8840 | D:9      | Reached *** piety under Okawaru
  9073 | D:9      | Found a transporter.
  9073 | D:9      | Found a viscous altar of Jiyva.
  9095 | D:9      | Found a transporter.
  9742 | D:9      | Killed from afar by an acid dragon

Illustrated notes

Levels and vault maps discovered:
D:1:      dpeg_arrival_solitude, layout_basic,
          hellmonk_ecumenical_altar_prayer_group, minmay_misc_feat_tower,
          chequers_serial_rivers_marsh, roderic_roman_lattice
D:2:      kb_forest_paths, layout_loops_ring
D:3:      layout_rooms, minmay_misc_feat_x, chequers_big_river, minmay_vboxes
D:4:      layout_rooms, minmay_misc_feat_room
D:5:      layout_basic
D:6:      layout_rooms, grunt_ministairs_15, minmay_statues_item, minivault_10,
          minivault_5
D:7:      layout_basic, lemuel_temple_firewalk_b, hex_large
D:8:      layout_cave_pools, nzn_wu_jian_contemplation, enter_ossuary_4
D:9:      gammafunk_jiyva_shrine, layout_gridville, orc_0_dummy,
          serial_co_window_serial, co_window_paths_b, co_window_paths_a,
          co_window_corner_a, co_window_corner_a, co_window_corner_a,
          co_window_corner_a, co_window_broadway_b, co_window_paths_c,
          co_window_corner_ca, co_window_corner_b, co_window_broadway_c,
          co_window_unsneaky_path_b, glass_columns_c, special_room
          [special_room_bee]
Temple:   dpeg_three_leaves_temple

Skill      XL: |  1  2  3  4  5  6  7  8  9 10 |
---------------+-------------------------------+-----
Fighting       | 4 5 6 7 8 9 |  9.1
Axes           | 3 4 5 7 8 9 |  9.2
Armour         | 4 5 6 7 8 |  8.2
Shields        | 4 5 6 7 8 |  8.1
Throwing       | 1 2 3 4 |  4.0
Fire Magic     | 2 4 5 |  5.6
Dodging        | |  0.2

Action                   |  1- 3 |  4- 6 |  7- 9 | 10-12 || total
-------------------------+-------+-------+-------+-------++-------
Melee: War axe           |   126 |   135 |   196 |       ||   457
       Staff             |       |    29 |       |     7 ||    36
       Hand axe          |       |       |       |    94 ||    94
Throw: Dart              |     2 |    49 |    60 |    27 ||   138
       Stone             |     1 |       |       |       ||     1
Invok: Heroism           |       |       |     1 |       ||     1
Evoke: Wand              |       |       |     6 |       ||     6
  Use: Potion            |       |     1 |     8 |       ||     9
       Scroll            |       |       |     2 |       ||     2
Armor: Scale mail        |    70 |    19 |       |       ||    89
       Leather armour    |       |    36 |    66 |    44 ||   146
Dodge: Dodged            |    42 |    60 |    78 |    40 ||   220
Block: Kite shield       |    91 |    98 |   106 |    83 ||   378
